General information
			
			
        
        - name: BNet
 
        - type: Ladder team game (AT/RT)
 
        - host: Battle.net
 
        - saver: nub-dub
 
        
map: UpperKingdom 
        - players: 6
 
        - length: 09:15
 
        - speed: Fast
 - version: 1.22 W3XP
 - replay type:  Public
 
» download(38 KB)
Players
        team 1 (winner) 
              
              
I.ROBOT (
green | 40 APM | 367 actions | 09:14)
              
 3 Death Knight 
 2 Death Coil
 1 Unholy Aura
 
                » actions 
                
                | Assign group hotkey | 3 |  | 
| Build / train | 25 |  | 
| Enter build submenu | 11 |  | 
| Enter hero's abilities submenu | 3 |  | 
| Right click | 162 |  | 
| Select / deselect | 145 |  | 
| Select group hotkey | 2 |  | 
| Use ability | 16 |  | 
                367 total
 » units 
                
                | Acolyte | 2 |  | 
| Ghoul | 3 |  | 
| Crypt Fiend | 7 |  | 
| Obsidian Statue | 2 |  | 
                14 total
 » upgrades
                » buildings
                
                | Altar of Darkness | 1 |  | 
| Ziggurat | 5 |  | 
| Graveyard | 1 |  | 
| Crypt | 1 |  | 
| Nerubian Tower | 1 |  | 
| Tomb of Relics | 1 |  | 
| Halls of the Dead | 2 |  | 
| Slaughterhouse | 1 |  | 
                13 total
 » build order
                00:14 Altar of Darkness
00:18 Ziggurat
00:40 Graveyard
01:00 Crypt
01:11 Nerubian Tower
01:28 Tomb of Relics
01:43 Ziggurat
03:58 Halls of the Dead
03:58 Halls of the Dead
05:27 Ziggurat
05:34 Ziggurat
06:42 Slaughterhouse
08:45 Ziggurat
» items
                 
               
              
              
nub-dub (
yellow | 37 APM | 339 actions | 09:15)
              
 3 Demon Hunter 
 1 Immolation
 2 Mana Burn
 
                » actions 
                
                | Assign group hotkey | 8 |  | 
| Build / train | 32 |  | 
| Enter build submenu | 11 |  | 
| Enter hero's abilities submenu | 3 |  | 
| Right click | 151 |  | 
| Select / deselect | 98 |  | 
| Select group hotkey | 5 |  | 
| Use ability | 31 |  | 
                339 total
 » units 
                » upgrades
                
                | Strength of the Moon | 1 |  | 
| Sentinel | 1 |  | 
| Strength of the Wild | 1 |  | 
| Reinforced Hides | 1 |  | 
                4 total
 » buildings
                
                | Altar of Elders | 1 |  | 
| Moon Well | 4 |  | 
| Ancient of War | 1 |  | 
| Ancient of Wonders | 1 |  | 
| Hunter's Hall | 1 |  | 
| Tree of Ages | 1 |  | 
| Ancient of Lore | 2 |  | 
| Tree of Eternity | 1 |  | 
                12 total
 » build order
                00:03 Altar of Elders
00:06 Moon Well
00:48 Ancient of War
01:33 Ancient of Wonders
01:48 Moon Well
02:23 Hunter's Hall
03:39 Moon Well
03:49 Moon Well
04:15 Tree of Ages
07:27 Ancient of Lore
07:47 Ancient of Lore
08:00 Tree of Eternity
 
               
              
              
HakaKilla (
orange | 27 APM | 246 actions | 09:14)
              
 3 Archmage 
 1 Blizzard
 2 Summon Water Elemental
 
                » actions 
                
                | Build / train | 34 |  | 
| Enter build submenu | 17 |  | 
| Enter hero's abilities submenu | 3 |  | 
| Right click | 69 |  | 
| Select / deselect | 100 |  | 
| Use ability | 23 |  | 
                246 total
 » units 
                » upgrades
                » buildings
                
                | Farm | 7 |  | 
| Altar of Kings | 1 |  | 
| Barracks | 1 |  | 
| Lumber Mill | 1 |  | 
| Arcane Vault | 1 |  | 
| Blacksmith | 1 |  | 
| Scout Tower | 3 |  | 
| Arcane Tower | 3 |  | 
| Keep | 1 |  | 
                19 total
 » build order
                00:24 Farm
00:40 Altar of Kings
00:55 Barracks
01:09 Lumber Mill
01:26 Farm
01:56 Arcane Vault
02:10 Farm
02:57 Farm
03:44 Blacksmith
03:58 Farm
04:48 Scout Tower
05:25 Arcane Tower
05:51 Keep
06:02 Scout Tower
06:48 Arcane Tower
06:54 Scout Tower
07:40 Arcane Tower
07:54 Farm
08:42 Farm
 
               team 2 (loser) 
              
              
SniperOfBabies (
teal | 25 APM | 100 actions | 04:03)
              
 1 Lich 
 1 Frost Nova
 
                » actions 
                
                | Build / train | 17 |  | 
| Enter build submenu | 4 |  | 
| Enter hero's abilities submenu | 1 |  | 
| Remove unit from queue | 1 |  | 
| Right click | 18 |  | 
| Select / deselect | 54 |  | 
| Use ability | 5 |  | 
                100 total
 » units 
                
                | Acolyte | 4 |  | 
| Crypt Fiend | 7 |  | 
| Ghoul | 2 |  | 
                13 total
 » buildings
                
                | Ziggurat | 2 |  | 
| Altar of Darkness | 1 |  | 
| Nerubian Tower | 1 |  | 
| Crypt | 1 |  | 
| Graveyard | 1 |  | 
                6 total
 » build order
                00:14 Ziggurat
00:15 Ziggurat
00:19 Altar of Darkness
01:08 Nerubian Tower
01:36 Crypt
01:50 Graveyard
 
               
              
              
xTD7xPreVenTioN (
red | 30 APM | 271 actions | 09:07)
              
 1 Mountain King 
 1 Storm Bolt
 
                » actions 
                
                | Assign group hotkey | 3 |  | 
| Build / train | 14 |  | 
| Enter build submenu | 8 |  | 
| Enter hero's abilities submenu | 1 |  | 
| Remove unit from queue | 1 |  | 
| Right click | 122 |  | 
| Select / deselect | 95 |  | 
| Select group hotkey | 4 |  | 
| Use ability | 23 |  | 
                271 total
 » units 
                » buildings
                
                | Blacksmith | 1 |  | 
| Barracks | 1 |  | 
| Altar of Kings | 1 |  | 
| Farm | 4 |  | 
                7 total
 » build order
                00:45 Blacksmith
01:03 Barracks
01:19 Altar of Kings
01:33 Farm
01:36 Farm
02:23 Farm
03:57 Farm
 
               
              
              
lordofthelungs (
pink | 31 APM | 284 actions | 09:13)
              
 1 Paladin 
 1 Holy Light
 
                » actions 
                
                | Assign group hotkey | 7 |  | 
| Basic commands | 22 |  | 
| Build / train | 24 |  | 
| Enter build submenu | 13 |  | 
| Enter hero's abilities submenu | 1 |  | 
| Right click | 81 |  | 
| Select / deselect | 87 |  | 
| Select group hotkey | 35 |  | 
| Use ability | 14 |  | 
                284 total
 » units 
                
                | Peasant | 7 |  | 
| Footman | 1 |  | 
| Rifleman | 13 |  | 
                21 total
 » buildings
                
                | Barracks | 2 |  | 
| Altar of Kings | 1 |  | 
| Farm | 4 |  | 
| Blacksmith | 1 |  | 
| Scout Tower | 3 |  | 
| Lumber Mill | 1 |  | 
| Guard Tower | 1 |  | 
                13 total
 » build order
                00:18 Barracks
00:27 Altar of Kings
00:33 Farm
01:35 Blacksmith
01:43 Farm
02:28 Farm
02:33 Farm
03:43 Scout Tower
05:42 Barracks
05:47 Lumber Mill
05:52 Scout Tower
06:36 Scout Tower
08:47 Guard Tower
 
                Chat log
          (00:02 / All) xTD7xPreVenTioN: Gg
(03:24 / Allies) nub-dub: b
(03:24 / Allies) nub-dub: b
(07:12 / All) xTD7xPreVenTioN: playing like a nub isnt all that fun, i dont see why so many fucking idiots do it
(07:38 / All) xTD7xPreVenTioN: im massing t1 and running my hero around (alone) and yet you fucking dumbasses cant seem to kill me still
(08:13 / Allies) nub-dub: green
(08:14 / Allies) nub-dub: web?
(08:27 / Allies) nub-dub: green
(08:30 / Allies) nub-dub: u have web?
(08:37 / All) xTD7xPreVenTioN: my ally is sitting at t1 with 3 un-upgraded towers
(08:54 / All) xTD7xPreVenTioN: not even worth saying gg
(09:04 / All) xTD7xPreVenTioN: you 2 are nubs and my ally is worse
(09:06 / All) xTD7xPreVenTioN: idiots